 Dungeon Crawl Stone Soup version 0.31-a0-152-g6aa68a64a1 (webtiles) character file.

Game seed: 14569542197712908237

401 qw the Shooter (level 6, 0/38 HPs)
             Began as a Gargoyle Hunter on June 10, 2023.
             Slain by Duvessa
             ... wielding a +1 short sword of venom
              (10 damage)
             ... on level 4 of the Dungeon.
             The game lasted 00:01:12 (2957 turns).

qw the Shooter (Gargoyle Hunter)                    Turns: 2957, Time: 00:01:13

Health: 0/38       AC:  8    Str: 14    XL:     6   Next: 85%
Magic:  0/6        EV: 17    Int: 10    God:
Gold:   56         SH:  0    Dex: 18    Spells: 5/5 levels left

rFire   . . .        Y - +1 shortbow
rCold   . . .        (shield currently unavailable)
rNeg    + + .        l - +0 robe "Sowucai" {rElec rN+ Dex+3}
rPois   inf          o - +0 helmet
rElec   +            (no cloak)
rCorr   .            (no gloves)
SInv    .            g - +0 pair of boots
Will    +....        a - amulet of guardian spirit
Stlth   ++           h - ring of willpower
HPRegen 0.26/turn    i - +5 ring of evasion
MPRegen 0.10/turn

%: guardian spirit
@: no status effects
A: sickness immunity, AC +4, negative energy resistance 1, electricity
resistance, torment resistance 1, petrification resistance
a: no special abilities


You were on level 4 of the Dungeon.
You visited 1 branch of the dungeon, and saw 4 of its levels.

You collected 240 gold pieces.
You spent 184 gold pieces at shops.


Innate Abilities, Weirdness & Mutations

You are immune to sickness and miasma.
Your stone body is resilient. (AC +4)
You are immune to poison.
You resist negative energy. (rN+)
You are resistant to electric shocks. (rElec)
You are resistant to unholy torment.
You are immune to petrification.


   Skills:
 - Level 4.1 Fighting
 + Level 6.8 Ranged Weapons
 - Level 1.0 Armour
 - Level 2.1 Dodging
 - Level 1.1 Stealth


You had 5 spell levels left.
You didn't know any spells.
Your spell library was empty.

Inventory:

Hand Weapons
 Y - a +1 shortbow (weapon)
Armour
 g - a +0 pair of boots (worn)
 l - the +0 robe "Sowucai" (worn) {rElec rN+ Dex+3}
   (You found it on level 3 of the Dungeon)

   Dex:       It affects your dexterity (+3).
   rElec:     It insulates you from electricity.
   rN:        It protects you from negative energy.
 o - a +0 helmet (worn)
Jewellery
 a - an amulet of guardian spirit (around neck)
 h - a ring of willpower (left hand)
 i - a +5 ring of evasion (right hand)
Scrolls
 b - a scroll of identify
 c - 2 scrolls of teleportation
Potions
 e - 2 potions of attraction
 f - a potion of heal wounds
 j - a potion of ambrosia {unknown}
 k - a potion of mutation {unknown}
 m - a potion of curing

Dungeon Overview and Level Annotations

Branches:
Dungeon (4/15)
 Temple: D:4-7

Altars:
Dithmenos
Gozag
Trog
Zin

Shops:
D:2 ?   D:4 !

Annotations:
D:4 Duvessa


Message History

Enter note:
Enter note:
Enter note: You shoot an arrow.
Duvessa shouts!
The arrow hits Dowan.
Dowan is moderately wounded.
Dowan casts a spell at you. The puff of frost misses you.
You shoot an arrow. The arrow barely misses Dowan.
You shoot an arrow. The arrow closely misses Dowan.
You shoot an arrow.
The arrow hits Duvessa but does no damage.
Duvessa hits you with a +1 short sword of venom!
You shoot an arrow. The arrow hits Dowan.
Dowan is heavily wounded.
Duvessa hits you with a +1 short sword of venom!
Dowan hits you but does no damage.
You shoot an arrow. The arrow hits Dowan!
Dowan is almost dead.
Duvessa misses you. Dowan completely misses you.
You shoot an arrow. The arrow barely misses Dowan.
Duvessa hits you with a +1 short sword of venom.
Dowan hits you but does no damage.
You shoot an arrow. The arrow barely misses Dowan.
Duvessa hits you with a +1 short sword of venom.
Dowan misses you. x2
Duvessa hits you with a +1 short sword of venom!
You shoot an arrow. The arrow hits Dowan.
You kill Dowan!
Duvessa screams, "No!
How DARE you!"
Duvessa goes berserk!
Duvessa misses you.
You shoot an arrow. The arrow hits Duvessa.
Duvessa is lightly wounded.
Duvessa hits you with a +1 short sword of venom!
Duvessa barely misses you.
You shoot an arrow. The arrow barely misses Duvessa.
Duvessa hits you with a +1 short sword of venom!
You die...

... ##..# ##... .
#...# .. #...###.#
.......## ##e).....#
##.@.......
##...###...#
###....# . #
#......##.#
#.....^....
##.#........
#....####..
##..#.##...
###<................


You could see Duvessa (berserk).

Vanquished Creatures
  A black bear (D:4)
  Dowan (D:4)
  A jelly (D:4)
  An orc priest (D:3)
  Jessica (D:2)
  An iguana (D:4)
  Robin (D:3)
  2 adders (D:3)
  6 worms
  3 dart slugs (D:1)
  2 orcs (D:3)
  5 bats
  7 endoplasms
  3 giant cockroaches (D:1)
  13 goblins
  10 hobgoblins
  2 jackals (D:2)
  4 quokkas
  9 ball pythons
  10 frilled lizards (D:2)
  7 kobolds
  4 rats
94 creatures vanquished.

Notes
Turn   | Place    | Note
-------+----------+-------------------------------------------
     0 | D:1      | qw the Gargoyle Hunter began the quest for the Orb.
     0 | D:1      | Reached XP level 1. HP: 12/12 MP: 1/1
     0 | D:1      | 0 ||| qw: Version: 0.2-a-123-gb51047a
     0 | D:1      | 0 ||| qw: Game counter: 3804
     0 | D:1      | 0 ||| qw: Always use a shield: true
     0 | D:1      | 0 ||| qw: God list: Okawaru
     0 | D:1      | 0 ||| qw: Allow faded altars: false
     0 | D:1      | 0 ||| qw: Do Orc after D:15 true
     0 | D:1      | 0 ||| qw: Do second Lair branch before Depths: true
     0 | D:1      | 0 ||| qw: Lair rune preference: random
     0 | D:1      | 0 ||| qw: Plans: Normal, Zot:1-4, Slime:5, God:TSO, Crypt,
                  | Tomb, Abyss, Pan, Hells, Win
     0 | D:1      | 0 ||| PLANNING D:1-11
    47 | D:1      | Reached XP level 2. HP: 12/17 MP: 2/2
   232 | D:1      | 232 ||| FLEEEEING.
   327 | D:1      | Reached XP level 3. HP: 21/21 MP: 3/3
   394 | D:1      | Reached skill level 5 in Ranged Weapons
   575 | D:1      | 575 ||| Stepping ~*~*~tactically~*~*~ (outnumbered).
  1043 | D:1      | 1043 ||| UPGRADING to +0 ring mail.
  1053 | D:1      | 1053 ||| DROPPING +0 leather armour.
  1054 | D:1      | 1054 ||| UPGRADING to ring of willpower.
  1055 | D:1      | 1055 ||| UPGRADING to +5 ring of evasion.
  1056 | D:1      | 1056 ||| READING scroll labelled TUOSINLONUJ.
  1057 | D:1      | 1057 ||| DROPPING scroll of butterflies.
  1195 | D:2      | Reached skill level 1 in Armour
  1195 | D:2      | Noticed Jessica
  1200 | D:2      | Killed Jessica
  1201 | D:2      | Reached skill level 3 in Fighting
  1201 | D:2      | Reached XP level 4. HP: 23/28 MP: 4/4
  1331 | D:2      | Found Ryly's Magic Scroll Emporium.
  1336 | D:2      | 1336 ||| BUYING scroll of identify (20 gold).
  1336 | D:2      | Bought a scroll of identify for 20 gold pieces
  1336 | D:2      | 1336 ||| BUYING scroll of identify (20 gold).
  1336 | D:2      | Bought a scroll of identify for 20 gold pieces
  1336 | D:2      | 1336 ||| BUYING scroll of teleportation (30 gold).
  1336 | D:2      | Bought a scroll of teleportation for 30 gold pieces
  1336 | D:2      | 1336 ||| BUYING scroll of teleportation (30 gold).
  1336 | D:2      | Bought a scroll of teleportation for 30 gold pieces
  1609 | D:2      | Found a bloodstained altar of Trog.
  1881 | D:2      | 1881 ||| UPGRADING to +0 pair of boots.
  1886 | D:2      | 1886 ||| READING scroll labelled GEODOL PAJUSUR.
  1887 | D:2      | 1887 ||| DRINKING 2 fuming sapphire potions.
  1888 | D:2      | 1888 ||| READING 2 scrolls of identify.
  1888 | D:2      | 1888 ||| IDENTIFYING cyan potion
  1889 | D:2      | 1889 ||| DROPPING potion of enlightenment.
  1932 | D:3      | Reached XP level 5. HP: 32/32 MP: 5/5
  2035 | D:3      | Identified the +0 robe "Sowucai" {rElec rN+ Dex+3}
  2232 | D:3      | Noticed Robin
  2247 | D:3      | Killed Robin
  2248 | D:3      | Reached skill level 6 in Ranged Weapons
  2319 | D:3      | Found an opulent altar of Gozag.
  2412 | D:3      | Found a shadowy altar of Dithmenos.
  2592 | D:3      | 2592 ||| UPGRADING to +0 robe "Sowucai" {rElec rN+ Dex+3}.
  2602 | D:3      | 2602 ||| DROPPING +0 ring mail.
  2603 | D:3      | 2603 ||| UPGRADING to +0 helmet.
  2608 | D:3      | 2608 ||| UPGRADING to amulet of guardian spirit.
  2613 | D:3      | 2613 ||| READING scroll labelled JEBAHO QUIJIU.
  2614 | D:3      | 2614 ||| READING scroll labelled TODUIH EBIFO.
  2615 | D:3      | 2615 ||| READING scroll labelled INUIXE XOCW.
  2702 | D:4      | Reached XP level 6. HP: 38/38 MP: 6/6
  2726 | D:4      | Found Wunoup's Distillery.
  2736 | D:4      | 2736 ||| SHOPLISTING 2 potions of haste (280 gold, have
                  | 95).
  2736 | D:4      | 2736 ||| BUYING potion of attraction (42 gold).
  2736 | D:4      | Bought a potion of attraction for 42 gold pieces
  2736 | D:4      | 2736 ||| BUYING potion of curing (42 gold).
  2736 | D:4      | Bought a potion of curing for 42 gold pieces
  2736 | D:4      | 2736 ||| SHOPLISTING potion of curing (42 gold, have 11).
  2736 | D:4      | 2736 ||| SHOPLISTING potion of mutation (112 gold, have
                  | 11).
  2842 | D:4      | Noticed a black bear
  2854 | D:4      | Killed a black bear
  2910 | D:4      | 2910 ||| READING scroll labelled RAMECW ROPLEMM.
  2911 | D:4      | 2911 ||| DRINKING 2 amethyst potions.
  2919 | D:4      | 2919 ||| STAIRDANCE
  2920 | D:3      | Found a glowing silver altar of Zin.
  2945 | D:4      | Noticed Dowan
  2946 | D:4      | Noticed Duvessa
  2955 | D:4      | Killed Dowan
  2957 | D:4      | Slain by Duvessa

Levels and vault maps discovered:
D:1:      erik_arrival_cave_to_civilisation [erik_arrival_cave_to_hall],
          layout_basic, columned_hall_lemuel, nicolae_hexahallways
D:2:      minmay_evil_eye, layout_loops_ring, basic_altar, serial_shops, shop,
          minmay_lizard_king, uniq_jessica
D:3:      layout_loops_ring, nicolae_overflow_hidden_temple, uniq_robin
D:4:      layout_cave_pools, serial_shops, shop, hangedman_decor_push,
          uniq_duvessa

Skill      XL: |  1  2  3  4  5  6 |
---------------+-------------------+-----
Ranged Weapons | 5 6 |  6.8
Armour         | 1 |  1.0
Fighting       | 3 4 |  4.1
Dodging        | 2 |  2.1
Stealth        | |  1.1

Action                     |  1- 3 |  4- 6 || total
---------------------------+-------+-------++-------
   Fire: Shortbow          |   119 |   173 ||   292
    Use: Scroll            |     1 |     6 ||     7
         Potion            |       |     2 ||     2
 Armour: Leather armour    |    15 |       ||    15
         Ring mail         |     1 |    19 ||    20
         Robe              |       |     9 ||     9
  Dodge: Dodged            |    22 |    53 ||    75

Table legend:
 A = Non-vault XP
 B = Vault XP
 C = Vault XP percentage of total XP
 D = Non-vault monster count
 E = Vault monster count
 F = Vault count percentage of total count
                 A         B        C        D         E       F
            +---------+---------+-------+---------+---------+-------
      Total |     416 |     157 |  27.4 |      67 |      27 |  28.7
            +---------+---------+-------+---------+---------+-------
        D:1 |      59 |       3 |   4.8 |      31 |       2 |   6.1
        D:2 |      24 |      51 |  68.0 |      11 |      13 |  54.2
        D:3 |      92 |      36 |  28.1 |      12 |      11 |  47.8
        D:4 |     241 |      67 |  21.8 |      13 |       1 |   7.1
            +---------+---------+-------+---------+---------+-------
